 Dungeon Crawl Stone Soup version 0.22-a0-855-g415d086bb8 (webtiles) character file.

336 Htamos the Ruffian (level 6, -12/63 HPs)
             Began as a Troll Chaos Knight on July 27, 2018.
             Mangled by Menkaure (14 damage)
             ... on level 6 of the Dungeon.
             The game lasted 00:03:35 (2471 turns).

Htamos the Ruffian (Troll Chaos Knight)             Turns: 2471, Time: 00:03:36

Health: -12/63     AC:  6    Str: 28    XL:     6   Next: 28%
Magic:  5/5        EV: 10    Int:  8    God:    Xom [...*..]
Gold:   168        SH:  0    Dex:  9    Spells: 5/5 levels left

rFire    . . .     SeeInvis .   r - +6 dagger "Hihuahad" {pierce, rN+}
rCold    . . .     Gourm    +   (no shield)
rNeg     + . .     Faith    .   o - +0 robe (curse)
rPois    .         Spirit   .   (helmet restricted)
rElec    +         Reflect  .   (no cloak)
rCorr    .         Harm     .   (gloves unavailable)
MR       .....                  (boots unavailable)
Stlth    +.........             (no amulet)
HPRegen  0.60/turn              (no ring)
MPRegen  0.09/turn              (no ring)

@: mighty
A: large, unfitting armour, claws 3, rugged brown scales 1, fast metabolism 3,
gourmand, regeneration 1, shaggy fur 1, electricity resistance, tough skin 2
a: Renounce Religion


You were on level 6 of the Dungeon.
You worshipped Xom.
You were a favourite toy of Xom.
You were very full.

You visited 1 branch of the dungeon, and saw 5 of its levels.

You collected 168 gold pieces.

Inventory:

Hand Weapons
 l - a cursed -2 rapier
 r - the +6 dagger "Hihuahad" (weapon) {pierce, rN+}
   (You found it on level 6 of the Dungeon)

   It inflicts extra damage upon your enemies.
   It protects you from negative energy.
Armour
 a - a +2 robe
 o - a cursed +0 robe (worn)
Jewellery
 m - an uncursed ring of flight {unknown}
 q - a +6 ring of dexterity {unknown}
Wands
 p - a wand of flame (5)
 s - a wand of iceblast (10)
Scrolls
 c - 6 scrolls of identify
 f - a scroll of amnesia {unknown}
 h - 2 scrolls of teleportation {unknown}
 k - 3 scrolls of enchant weapon {unknown}
 n - 3 scrolls of magic mapping {unknown}
Potions
 d - a potion of lignification {unknown}
 j - a potion of heal wounds
Comestibles
 b - 10 rations


   Skills:
 * Level 3.9 Fighting
 + Level 3.2 Dodging
 + Level 5.1 Unarmed Combat


You had 5 spell levels left.
You didn't know any spells.
Your spell library was empty.

Dungeon Overview and Level Annotations

Branches:
Dungeon (4/15)
 Temple: D:4-7

Altars:
Zin

Annotations:
D:6 Menkaure


Innate Abilities, Weirdness & Mutations

You are too large for most types of armour.
You have claws for hands.
Your metabolism is lightning-fast.
You like to eat raw meat.
Your natural rate of healing is unusually fast.
You are covered in fur. (AC +1)
You have very tough skin. (AC +2)
You are partially covered in rugged brown scales. (AC +1, +3% HP)
You are resistant to electric shocks. (rElec)


Message History

You hit the wight.
You destroy the wight!
Your life force feels restored.
You hit Menkaure but do no damage.
Menkaure calls on the powers of darkness!
Your body is wracked with pain!
* * * LOW HITPOINT WARNING * * *
You barely miss Menkaure. Menkaure hits you but does no damage.
Menkaure hits you.
* * * LOW HITPOINT WARNING * * *
You barely miss Menkaure. Menkaure hits you.
* * * LOW HITPOINT WARNING * * *
You hit Menkaure.
Menkaure is lightly damaged.
Menkaure hits you!!
* * * LOW HITPOINT WARNING * * *
You feel very mighty all of a sudden. Menkaure hits you!
You die...
Xom roars with laughter!

#.###..#...#.. #
#......##.##.. #.
####....#.#... .#
#.).(.(.... .##
###........ .M
##......(.. #.
#....#.#...
###.#########...##.##..
#$...M@5........#...#..
#.###########..##...##.
#..#..≈..#. #..#.≈≈ .#.
#..# #. #..# #. #..# #.
#..# ##. #...#####..


You could see Menkaure and a friendly white imp.

Vanquished Creatures
  3 wights (D:6)
  A crimson imp (D:6)
  Jessica (D:3)
  3 adders (D:2)
  3 worms
  A dart slug (D:1)
  9 bats
  5 giant cockroaches
  4 goblins
  11 hobgoblins
  2 quokkas
  2 frilled lizards (D:2)
  6 kobolds
  3 rats
54 creatures vanquished.

Vanquished Creatures (collateral kills)
  A centaur (D:6)
1 creature vanquished.

Grand Total: 55 creatures vanquished

Notes
Turn   | Place    | Note
-------+----------+-------------------------------------------
     0 | D:1      | Htamos the Troll Chaos Knight began the quest for the Orb.
     0 | D:1      | Reached XP level 1. HP: 22/22 MP: 0/0
    24 | D:1      | XOM: divination: detect creatures
    56 | D:1      | XOM: harmless Air miscast
   164 | D:1      | XOM: harmless Necr miscast
   169 | D:1      | Reached XP level 2. HP: 29/29 MP: 1/1
   367 | D:1      | XOM: harmless Air miscast
   473 | D:1      | XOM: summons 1 hostile demon
   606 | D:1      | XOM: god gift: lumpy blue potion {god gift}
   635 | D:2      | Reached XP level 3. HP: 36/36 MP: 2/2
   922 | D:2      | Reached skill level 4 in Unarmed Combat
   925 | D:2      | Reached XP level 4. HP: 44/44 MP: 3/3
  1205 | D:2      | XOM: god gift: glowing robe {god gift}
  1238 | D:2      | XOM: give mutations
  1238 | D:2      | Gained mutation: You are resistant to electric shocks. (rElec) [Xom's grace]
  1238 | D:2      | Gained mutation: You are partially covered in rugged brown scales. (AC +1, +3% HP) [Xom's grace]
  1693 | D:3      | XOM is BORED!
  1693 | D:3      | XOM: medium Pois miscast
  2003 | D:3      | Noticed Jessica
  2006 | D:3      | XOM: summons 3 friendly demons
  2007 | D:3      | Killed Jessica
  2125 | D:3      | Found a glowing silver altar of Zin.
  2195 | D:3      | XOM: medium Fire miscast
  2327 | D:4      | You fall through a shaft for 2 floors!
  2349 | D:6      | Noticed a centaur
  2351 | D:6      | XOM: summons 4 friendly demons
  2356 | D:6      | Killed a centaur
  2356 | D:6      | Reached XP level 5. HP: 43/54 MP: 4/4
  2395 | D:6      | Got an ichor-stained dagger
  2396 | D:6      | Identified the +6 dagger "Hihuahad" {pierce, rN+} (You found it on level 6 of the Dungeon)
  2444 | D:6      | Noticed Menkaure
  2452 | D:6      | Reached skill level 5 in Unarmed Combat
  2458 | D:6      | Reached XP level 6. HP: 36/63 MP: 5/5
  2464 | D:6      | XOM: summons friendly white imp
  2470 | D:6      | HP: 1/63 [Menkaure (21)]
  2471 | D:6      | Mangled by Menkaure

Vault maps used:
D:1:      dpeg_arrival_court, serial_bayou, serial_bayou_pond_e,
          serial_bayou_shore_a, serial_bayou_ford_a, serial_bayou_pond_e,
          serial_bayou_pond_a
D:2:      hex_tiny
D:3:      zin_scriptorium, first_ration, serial_bayou_lake_a, uniq_jessica
D:4:      tgw_sif
D:6:      kennysheep_little_box, lemuel_doored_altar,
          minmay_temple_entry_nine_rooms, minmay_misc_feat_more_columns,
          nicolae_zen_rock_garden, minmay_fire_ice_demons, uniq_menkaure

Skill      XL: |  1  2  3  4  5 |
---------------+----------------+-----
Dodging        | 2 3 |  3.2
Unarmed Combat | 4 5 |  5.1
Fighting       | 3 |  3.9

Action                   |  1- 3 |  4- 6 || total
-------------------------+-------+-------++-------
Melee: Unarmed           |   108 |    33 ||   141
       Dagger            |       |    28 ||    28
  Use: Potion            |     1 |     6 ||     7
       Scroll            |       |     1 ||     1
  Eat: Chunk             |    14 |    14 ||    28
Armor: Robe              |    46 |    22 ||    68
Dodge: Dodged            |    64 |    35 ||    99

Table legend:
 A = Spawn XP
 B = Non-spawn XP
 C = Spawn XP percentage of total XP
 D = Spawn monster count
 E = Non-spawn monster count
 F = Spawn count percentage of total count
 G = Total turns spent on level
                    A         B        C        D         E        F      G
               +---------+---------+-------+---------+---------+-------+---------
         Total |       0 |     481 |   0.0 |       0 |      55 |   0.0 |  2471
               +---------+---------+-------+---------+---------+-------+---------
           D:1 |       0 |      29 |   0.0 |       0 |      15 |   0.0 |   610
           D:2 |       0 |      88 |   0.0 |       0 |      29 |   0.0 |   699
           D:3 |       0 |      49 |   0.0 |       0 |       6 |   0.0 |   948
           D:6 |       0 |     315 |   0.0 |       0 |       5 |   0.0 |   144
               +---------+---------+-------+---------+---------+-------+---------
